TOP OF THE 1ST |
Bristol Pirates batting - Pitching for Chicago (APP) Cubs : RHP Adam Nielsen
|
Pitching: RHP Adam Nielsen
|
|
Batting: RHB Jesse Marvel
|
0-0: Ball 1-0: Foul Ball, location: 2F 1-1: Ball 2-1: Fly out, F7 (Flyball, 7LS, EV 89.4 MPH)
|
Batting: LHB Jeremy Weatherly
|
0-0: Foul Ball, location: 2F 0-1: Ball 1-1: Ball 2-1: Ball 3-1: DOUBLE (Line Drive, 9LM, EV 90.0 MPH)
|
Batting: SHB Evan Gittleson
|
0-0: Foul Ball, location: 2F 0-1: Fly out, F7 (Flyball, 7D, EV 92.5 MPH)
|
Batting: SHB Mike Jorgenson
|
0-0: Called Strike 0-1: Ground out 4-3 (Groundball, 4, EV 104.4 MPH)
|
Top of the 1st over - 0 runs, 1 hit, 0 errors, 1 left on base; Bristol 0 - Chicago (APP) 0 |
BOTTOM OF THE 1ST |
Chicago (APP) Cubs batting - Pitching for Bristol Pirates : RHP Tich Cao
|
Pitching: RHP Tich Cao
|
|
Batting: RHB Chris Petrock
|
0-0: Ball 1-0: Ball 2-0: DOUBLE (Groundball, 5L, EV 103.8 MPH)
|
Batting: SHB Eddie Tetzlaff
|
0-0: Ball 1-0: Ground out 6-3 (Groundball, 6M, EV 91.9 MPH) Chris Petrock to third
|
Batting: RHB Jacob Nagle
|
0-0: Ball 1-0: Ball Wild Pitch! Chris Petrock scores 2-0: Called Strike 2-1: Ball 3-1: Ground out 6-3 (Groundball, 6, EV 85.6 MPH)
|
Batting: LHB Ryan Cross
|
0-0: Ball 1-0: Fly out, F8 (Flyball, 8LM, EV 92.5 MPH)
|
Bottom of the 1st over - 1 run, 1 hit, 0 errors, 0 left on base; Bristol 0 - Chicago (APP) 1 |
TOP OF THE 2ND |
Bristol Pirates batting - Pitching for Chicago (APP) Cubs : RHP Adam Nielsen
|
Batting: RHB Bahiyy al Din bin Mamdouh
|
0-0: Ball 1-0: Ball 2-0: Foul Ball, location: 3F, Error on foul ball, E3 2-1: Foul Ball, location: 2F 2-2: Ball 3-2: Foul Ball, location: 2F 3-2: Ground out 4-3 (Groundball, 34, EV 90.0 MPH)
|
Batting: RHB Dave Riemer
|
0-0: Ball 1-0: Swinging Strike 1-1: Called Strike 1-2: Strikes out swinging
|
Batting: RHB J.D. Martin
|
0-0: Ground out 1-3 (Groundball, 34S, EV 81.9 MPH)
|
Top of the 2nd over - 0 runs, 0 hits, 1 error, 0 left on base; Bristol 0 - Chicago (APP) 1 |
BOTTOM OF THE 2ND |
Chicago (APP) Cubs batting - Pitching for Bristol Pirates : RHP Tich Cao
|
Batting: RHB Casey Snyder
|
0-0: Ball 1-0: Ball 2-0: Ball 3-0: Base on Balls
|
Batting: RHB Chad Laramee
|
0-0: Called Strike 0-1: Ball 1-1: Ball 2-1: Ball 3-1: Called Strike 3-2: Strikes out swinging
|
Batting: RHB Akiyoshi Sugiyama
|
0-0: Foul Ball, location: 2F 0-1: Fielders Choice at 2nd, 4-6 (Groundball, 34, EV 106.3 MPH)
|
Batting: RHB Troy Nichols
|
0-0: Called Strike 0-1: Fly out, F8 (Line Drive, 8RD, EV 96.9 MPH)
|
Bottom of the 2nd over - 0 runs, 0 hits, 0 errors, 1 left on base; Bristol 0 - Chicago (APP) 1 |
TOP OF THE 3RD |
Bristol Pirates batting - Pitching for Chicago (APP) Cubs : RHP Adam Nielsen
|
Batting: RHB Sean Magnus
|
0-0: Ball 1-0: Swinging Strike 1-1: Foul Ball, location: 2F 1-2: Ball 2-2: Foul Ball, location: 2F 2-2: Strikes out swinging
|
Batting: RHB Tich Cao
|
0-0: Ball 1-0: Called Strike 1-1: Called Strike 1-2: Strikes out swinging, 2-3 out at first.
|
Batting: RHB Jesse Marvel
|
0-0: Foul Ball, location: 2F 0-1: Ball 1-1: Called Strike 1-2: Foul Ball, location: 2F 1-2: Ball 2-2: Foul Ball, location: 2F 2-2: Strikes out swinging
|
Top of the 3rd over - 0 runs, 0 hits, 0 errors, 0 left on base; Bristol 0 - Chicago (APP) 1 |
BOTTOM OF THE 3RD |
Chicago (APP) Cubs batting - Pitching for Bristol Pirates : RHP Tich Cao
|
Batting: RHB Adam Nielsen
|
0-0: Foul Ball, location: 2F 0-1: Ground out 4-3 (Groundball, 34, EV 100.0 MPH)
|
Batting: RHB Chris Petrock
|
0-0: Called Strike 0-1: Ball 1-1: Swinging Strike 1-2: Foul Ball, location: 2F 1-2: Foul Ball, location: 2F 1-2: Ball 2-2: Foul Ball, location: 2F 2-2: Fly out, F5 (Popup, 56, EV 60.6 MPH)
|
Batting: SHB Eddie Tetzlaff
|
0-0: Ball 1-0: Ball 2-0: Called Strike 2-1: Ball 3-1: Called Strike 3-2: Foul Ball, location: 2F 3-2: Fly out, F8 (Flyball, 8RS, EV 85.6 MPH)
|
Bottom of the 3rd over - 0 runs, 0 hits, 0 errors, 0 left on base; Bristol 0 - Chicago (APP) 1 |
TOP OF THE 4TH |
Bristol Pirates batting - Pitching for Chicago (APP) Cubs : RHP Adam Nielsen
|
Batting: LHB Jeremy Weatherly
|
0-0: Ball 1-0: Called Strike 1-1: Ball 2-1: Foul Ball, location: 2F 2-2: Fly out, F9 (Flyball, 9LSF, EV 85.0 MPH)
|
Batting: SHB Evan Gittleson
|
0-0: Ball 1-0: Ball 2-0: Called Strike 2-1: Ball 3-1: Base on Balls
|
Batting: SHB Mike Jorgenson
|
0-0: Ball 1-0: Ball 2-0: Foul Ball, location: 2F 2-1: Ball 3-1: Base on Balls Evan Gittleson to second
|
Batting: RHB Bahiyy al Din bin Mamdouh
|
0-0: Ball 1-0: Ball 2-0: Ball 3-0: Base on Balls Evan Gittleson to third Mike Jorgenson to second
|
Batting: RHB Dave Riemer
|
0-0: Swinging Strike 0-1: Called Strike 0-2: Hit by Pitch Evan Gittleson scores Mike Jorgenson to third Bahiyy al Din bin Mamdouh to second
|
Batting: RHB J.D. Martin
|
0-0: Ball 1-0: Called Strike 1-1: Fly out, F9 (Flyball, 9LS, EV 92.5 MPH) Lined into DP, 9-5 (Flyball, 9LS, EV 92.5 MPH)
|
Top of the 4th over - 1 run, 0 hits, 0 errors, 2 left on base; Bristol 1 - Chicago (APP) 1 |
BOTTOM OF THE 4TH |
Chicago (APP) Cubs batting - Pitching for Bristol Pirates : RHP Tich Cao
|
Batting: RHB Jacob Nagle
|
0-0: Ground out 6-3 (Groundball, 6, EV 85.0 MPH)
|
Batting: LHB Ryan Cross
|
0-0: Called Strike 0-1: Ball 1-1: Ball 2-1: Ground out 5-3 (Groundball, 5, EV 88.8 MPH)
|
Batting: RHB Casey Snyder
|
0-0: Ball 1-0: Ball 2-0: Called Strike 2-1: Ground out 4-3 (Groundball, 4, EV 84.4 MPH)
|
Bottom of the 4th over - 0 runs, 0 hits, 0 errors, 0 left on base; Bristol 1 - Chicago (APP) 1 |
TOP OF THE 5TH |
Bristol Pirates batting - Pitching for Chicago (APP) Cubs : RHP Adam Nielsen
|
Batting: RHB Sean Magnus
|
0-0: Ball 1-0: Ball 2-0: SINGLE (Groundball, 6, EV 107.5 MPH) (infield hit)
|
Batting: RHB Tich Cao
|
0-0: Called Strike 0-1: Bunted foul 0-2: Bunt missed, Strikeout!
|
Batting: RHB Jesse Marvel
|
0-0: Ball 1-0: SINGLE (Groundball, 6MD, EV 104.4 MPH) Sean Magnus to second Runner from 2nd tries for 3rd, SAFE, throw by CF made to third
|
Batting: LHB Jeremy Weatherly
|
Squeeze bunt is on, Sean Magnus is out 0-1: Ball 1-1: Ball 2-1: Foul Ball, location: 2F 2-2: Ball 3-2: Strikes out swinging
|
Top of the 5th over - 0 runs, 2 hits, 0 errors, 1 left on base; Bristol 1 - Chicago (APP) 1 |
BOTTOM OF THE 5TH |
Chicago (APP) Cubs batting - Pitching for Bristol Pirates : RHP Tich Cao
|
Batting: RHB Chad Laramee
|
0-0: Ball 1-0: Called Strike 1-1: Ball 2-1: Called Strike 2-2: Ball 3-2: Ground out 6-3 (Groundball, 6, EV 78.8 MPH)
|
Batting: RHB Akiyoshi Sugiyama
|
0-0: Called Strike 0-1: Ball 1-1: Ball 2-1: Foul Ball, location: 2F 2-2: Strikes out swinging
|
Batting: RHB Troy Nichols
|
0-0: Called Strike 0-1: Ball 1-1: Called Strike 1-2: Ball 2-2: Foul Ball, location: 2F 2-2: Strikes out looking
|
Bottom of the 5th over - 0 runs, 0 hits, 0 errors, 0 left on base; Bristol 1 - Chicago (APP) 1 |
TOP OF THE 6TH |
Bristol Pirates batting - Pitching for Chicago (APP) Cubs : RHP Adam Nielsen
|
Batting: SHB Evan Gittleson
|
0-0: Ball 1-0: Foul Ball, location: 2F 1-1: Ground out U3 (Groundball, 3S, EV 67.5 MPH)
|
Batting: SHB Mike Jorgenson
|
0-0: Foul Ball, location: 2F 0-1: Foul Ball, location: 2F 0-2: Ball 1-2: Ball 2-2: Ball 3-2: Fly out, F6 (Popup, 6M, EV 69.4 MPH)
|
Batting: RHB Bahiyy al Din bin Mamdouh
|
0-0: Called Strike 0-1: Ball 1-1: Ball 2-1: Swinging Strike 2-2: Strikes out swinging
|
Top of the 6th over - 0 runs, 0 hits, 0 errors, 0 left on base; Bristol 1 - Chicago (APP) 1 |
BOTTOM OF THE 6TH |
Chicago (APP) Cubs batting - Pitching for Bristol Pirates : RHP Tich Cao
|
Pinch Hitting: RHB Josh Chandler
|
0-0: Called Strike 0-1: Foul Ball, location: 2F 0-2: Foul Ball, location: 2F 0-2: Strikes out swinging
|
Batting: RHB Chris Petrock
|
0-0: Ball 1-0: Ball 2-0: Foul Ball, location: 2F 2-1: Swinging Strike 2-2: Fly out, F7 (Flyball, 78D, EV 97.5 MPH)
|
Batting: SHB Eddie Tetzlaff
|
0-0: Foul Ball, location: 2F 0-1: Ball 1-1: Foul Ball, location: 2F 1-2: Foul Ball, location: 2F 1-2: Foul Ball, location: 2F 1-2: Ball 2-2: Foul Ball, location: 2F 2-2: Strikes out swinging
|
Bottom of the 6th over - 0 runs, 0 hits, 0 errors, 0 left on base; Bristol 1 - Chicago (APP) 1 |
TOP OF THE 7TH |
Bristol Pirates batting - Pitching for Chicago (APP) Cubs : RHP Adam Nielsen
|
Pitching: RHP Paul Whitehead
|
|
Batting: RHB Dave Riemer
|
0-0: Called Strike 0-1: Ball 1-1: Ground out 6-3 (Groundball, 6, EV 86.9 MPH)
|
Batting: RHB J.D. Martin
|
0-0: Ball 1-0: SINGLE (Groundball, 6M, EV 85.0 MPH) (infield hit)
|
Batting: RHB Sean Magnus
|
0-0: Called Strike J.D. Martin steals 2nd base 0-1: Foul Ball, location: 2F 0-2: Foul Ball, location: 2F 0-2: Ball 1-2: Ball 2-2: Strikes out swinging
|
Pinch Hitting: RHB Rafael Orta
|
0-0: Ball 1-0: Foul Ball, location: 2F 1-1: Swinging Strike 1-2: Ball 2-2: Ball 3-2: Base on Balls
|
Batting: RHB Jesse Marvel
|
0-0: Ground out U3 (Groundball, 3S, EV 70.0 MPH)
|
Top of the 7th over - 0 runs, 1 hit, 0 errors, 2 left on base; Bristol 1 - Chicago (APP) 1 |
BOTTOM OF THE 7TH |
Chicago (APP) Cubs batting - Pitching for Bristol Pirates : RHP Tich Cao
|
Pitching: RHP Josh Clark
|
|
Batting: RHB Jacob Nagle
|
0-0: Ball 1-0: Ball 2-0: Fly out, F8 (Line Drive, 8RD, EV 93.8 MPH)
|
Batting: LHB Ryan Cross
|
0-0: Called Strike 0-1: Called Strike 0-2: Ball 1-2: Ball 2-2: Strikes out swinging
|
Batting: RHB Casey Snyder
|
0-0: Ball 1-0: Ball 2-0: Ball 3-0: Swinging Strike 3-1: Called Strike 3-2: Base on Balls
|
Batting: RHB Chad Laramee
|
0-0: TRIPLE (Line Drive, 78XD, EV 98.8 MPH) Casey Snyder scores
|
Batting: RHB Akiyoshi Sugiyama
|
0-0: Intentional Walk
|
Batting: RHB Troy Nichols
|
0-0: Ball 1-0: Called Strike 1-1: Foul Ball, location: 2F 1-2: Strikes out swinging
|
Bottom of the 7th over - 1 run, 1 hit, 0 errors, 2 left on base; Bristol 1 - Chicago (APP) 2 |
TOP OF THE 8TH |
Bristol Pirates batting - Pitching for Chicago (APP) Cubs : RHP Paul Whitehead
|
Pitching: RHP Casey Sessoms
|
|
Batting: LHB Jeremy Weatherly
|
0-0: Ball 1-0: Called Strike 1-1: DOUBLE (Line Drive, 89XD, EV 103.1 MPH)
|
Batting: SHB Evan Gittleson
|
0-0: Called Strike 0-1: Ball 1-1: Ball 2-1: Fly out, F7 (Flyball, 7, EV 95.6 MPH)
|
Batting: SHB Mike Jorgenson
|
0-0: Called Strike 0-1: Ball Wild Pitch! Jeremy Weatherly to third 1-1: Foul Ball, location: 2F 1-2: Fly out, F7 (Flyball, 7LM, EV 90.6 MPH) Runner from 3rd tags up, SCORES, throw by LF
|
Batting: RHB Bahiyy al Din bin Mamdouh
|
0-0: Called Strike 0-1: Ball 1-1: Ball 2-1: Foul Ball, location: 2F 2-2: Foul Ball, location: 2F 2-2: DOUBLE (Groundball, 5L, EV 107.5 MPH)
|
Batting: RHB Dave Riemer
|
0-0: Called Strike 0-1: Ball 1-1: Ball 2-1: Called Strike 2-2: Ball 3-2: Foul Ball, location: 2F 3-2: Base on Balls
|
Batting: RHB J.D. Martin
|
0-0: Called Strike 0-1: Swinging Strike 0-2: Strikes out looking
|
Top of the 8th over - 1 run, 2 hits, 0 errors, 2 left on base; Bristol 2 - Chicago (APP) 2 |
BOTTOM OF THE 8TH |
Chicago (APP) Cubs batting - Pitching for Bristol Pirates : RHP Josh Clark
|
Pinch Hitting: RHB Willie Martinez
|
0-0: Ground out U3 (Groundball, 3S, EV 70.0 MPH)
|
Batting: RHB Chris Petrock
|
0-0: Ball 1-0: Ball 2-0: DOUBLE (Line Drive, 9LS, EV 90.6 MPH)
|
Batting: SHB Eddie Tetzlaff
|
0-0: Ball 1-0: Ball Chris Petrock steals 3rd base 2-0: Ball 3-0: Called Strike 3-1: Called Strike 3-2: Strikes out swinging
|
Batting: RHB Jacob Nagle
|
0-0: Ball 1-0: Ground out 6-3 (Groundball, 6, EV 84.4 MPH)
|
Bottom of the 8th over - 0 runs, 1 hit, 0 errors, 1 left on base; Bristol 2 - Chicago (APP) 2 |
TOP OF THE 9TH |
Bristol Pirates batting - Pitching for Chicago (APP) Cubs : RHP Casey Sessoms
|
Pitching: LHP Sean Tomasi
|
|
Pinch Hitting: RHB Oscar Castillo
|
0-0: Called Strike 0-1: Called Strike 0-2: Ball 1-2: Ball 2-2: Foul Ball, location: 2F 2-2: Ball 3-2: Base on Balls
|
Pinch Hitting: RHB Fred Cade
|
0-0: Ball 1-0: Ball 2-0: Sac Bunt to 15S - play at first, batter OUT! 1-4 Oscar Castillo to second
|
Batting: RHB Jesse Marvel
|
0-0: Intentional Walk
|
Pitching: LHP Jeremy Estep
|
|
Batting: LHB Jeremy Weatherly
|
0-0: Ball 1-0: Fielders Choice at 2nd, 6-4 (Groundball, 6, EV 88.8 MPH) Oscar Castillo to third
|
Batting: SHB Evan Gittleson
|
0-0: Foul Ball, location: 2F 0-1: Ball 1-1: Foul Ball, location: 2F 1-2: Foul Ball, location: 2F 1-2: Ground out 4-3 (Groundball, 4, EV 91.9 MPH)
|
Top of the 9th over - 0 runs, 0 hits, 0 errors, 2 left on base; Bristol 2 - Chicago (APP) 2 |
BOTTOM OF THE 9TH |
Chicago (APP) Cubs batting - Pitching for Bristol Pirates : RHP Josh Clark
|
Pitching: RHP Trevor Albert
|
|
Now in RF: Fred Cade
|
|
Batting: LHB Ryan Cross
|
0-0: Called Strike 0-1: Swinging Strike 0-2: Ball 1-2: Ball 2-2: Strikes out swinging
|
Pinch Hitting: LHB Dave Wheeler
|
0-0: Called Strike 0-1: Ball 1-1: Called Strike 1-2: Strikes out swinging
|
Batting: RHB Chad Laramee
|
0-0: Called Strike 0-1: Ball 1-1: Swinging Strike 1-2: Ball 2-2: Strikes out looking
|
Bottom of the 9th over - 0 runs, 0 hits, 0 errors, 0 left on base; Bristol 2 - Chicago (APP) 2 |
TOP OF THE 10TH |
Bristol Pirates batting - Pitching for Chicago (APP) Cubs : LHP Jeremy Estep
|
Pitching: LHP Kyle Hamilton
|
|
Now in CF: Dave Wheeler
|
|
Batting: SHB Mike Jorgenson
|
0-0: Ball 1-0: Ball 2-0: Ball 3-0: Foul Ball, location: 2F 3-1: Base on Balls
|
Batting: RHB Bahiyy al Din bin Mamdouh
|
0-0: Ball 1-0: Ball 2-0: Foul Ball, location: 2F 2-1: Foul Ball, location: 2F 2-2: Fly out, F7 (Line Drive, 7D, EV 91.3 MPH)
|
Batting: RHB Dave Riemer
|
0-0: Ball 1-0: Ball 2-0: Ball 3-0: Base on Balls Mike Jorgenson to second
|
Pinch Hitting: RHB Robert Contreras
|
0-0: Called Strike 0-1: Ball 1-1: Ball 2-1: Hit by Pitch Mike Jorgenson to third Dave Riemer to second
|
Pinch Hitting: LHB Cody Luce
|
0-0: Ball 1-0: Foul Ball, location: 2F 1-1: Ball 2-1: Foul Ball, location: 2F 2-2: Ball 3-2: SINGLE (Groundball, 34D, EV 106.3 MPH) Mike Jorgenson scores Dave Riemer to third Robert Contreras to second Runner from 3rd tries for Home, throw by RF and OUT! 9-2
|
Batting: RHB Fred Cade
|
0-0: Fly out, F8 (Line Drive, 8RD, EV 90.0 MPH)
|
Top of the 10th over - 1 run, 1 hit, 0 errors, 2 left on base; Bristol 3 - Chicago (APP) 2 |
Thursday, December 15th , 2022 - OOTP Baseball 23.9 Build 102
|
|